 Dungeon Crawl Stone Soup version 0.31.0-9-g3a7656b989 (webtiles) character file.

Game seed: 9041073234217580234

25 qw the Shooter (level 2, -7/14 HPs)
             Began as a Spriggan Hunter on Feb 2, 2024.
             Mangled by a gnoll
             ... wielding a +0 flail
              (8 damage)
             ... on level 2 of the Dungeon.
             The game lasted 00:00:01 (619 turns).

qw the Shooter (Spriggan Hunter)                     Turns: 619, Time: 00:00:02

Health: -7/14      AC:  2    Str:  7    XL:     2   Next: 82%
Magic:  3/3        EV: 19    Int: 10    God:
Gold:   44         SH:  0    Dex: 18    Spells: 1/1 levels left

rFire   . . .        a - +0 shortbow
rCold   . . .        (shield currently unavailable)
rNeg    . . .        c - +0 robe
rPois   .            (helmet restricted)
rElec   .            (no cloak)
rCorr   .            (gloves unavailable)
SInv    +            (boots unavailable)
Will    .....        (no amulet)
Stlth   ++           (no ring)
HPRegen 0.22/turn    (no ring)
MPRegen 0.08/turn

%: no passive effects
@: very quick
A: very small, no large weapons, unfitting armour, see invisible, speed 3
a: no special abilities


You were on level 2 of the Dungeon.
You visited 1 branch of the dungeon, and saw 2 of its levels.

You collected 44 gold pieces.


Innate Abilities, Weirdness & Mutations

You are very small and have problems with some larger weapons.
You are too small for most types of armour.
You have supernaturally acute eyesight. (SInv)
You cover ground extremely quickly. (Speed+++)


   Skills:
 - Level 1.5 Fighting
 + Level 4.3 Ranged Weapons
 - Level 4.0 Dodging
 - Level 1.5 Stealth


You had one spell level left.
You didn't know any spells.
Your spell library was empty.

Inventory:

Hand Weapons
 a - a +0 shortbow (weapon)
Armour
 c - a +0 robe (worn)
Potions
 e - a potion of curing {unknown}
 f - a potion of heal wounds {unknown}
 g - a potion of lignification {unknown}

Dungeon Overview and Level Annotations

Branches:
Dungeon (2/15)

Altars:


Message History

The arrow hits the rat.
You kill the rat!
You hear a shout!
You shoot an arrow. The arrow hits the giant cockroach.
The giant cockroach is almost dead.
A quokka comes into view.
A rat comes into view.
You shoot an arrow.
The arrow barely misses the giant cockroach.
A gnoll comes into view. It is wielding a +0 flail.
611 ||| STAIRDANCE The giant cockroach completely misses you.
You climb upwards.
There is a stone staircase leading down here.
You shoot an arrow.
The arrow hits the giant cockroach but does no damage.
The giant cockroach is severely wounded.
The giant cockroach completely misses you.
You shoot an arrow.
The arrow hits the giant cockroach but does no damage.
The giant cockroach is severely wounded.
The giant cockroach barely misses you. The giant cockroach misses you.
You shoot an arrow.
The arrow hits the giant cockroach but does no damage.
The giant cockroach is severely wounded.
The giant cockroach misses you.
You shoot an arrow. The arrow hits the giant cockroach.
You kill the giant cockroach!
Done exploring.
What level of the Dungeon? (default 2, ? - help)
You climb downwards.
The gnoll closely misses you. The rat barely misses you.
The rat twitches its whiskers.
The rat closely misses you. The gnoll closely misses you. x2
There is a stone staircase leading up here.
There are monsters nearby!
619 ||| STAIRDANCE The quokka misses you.
The rat misses you. The gnoll hits you with a +0 flail!
Ouch! That really hurt!
The gnoll hits you with a +0 flail!
Ouch! That really hurt!
You die...

. ..####
......#
.......##
.......g#
......r@#
......rg#
.....g..#
...g....#
..?.....#
........#
..<.....#
S.....$.#


You could see 4 gnolls, a quokka, a ball python (wandering) and a rat.

Vanquished Creatures
  A gnoll (D:1)
  2 endoplasms (D:1)
  A giant cockroach (D:1)
  A goblin (D:1)
  2 hobgoblins (D:1)
  A quokka (D:1)
  A ball python (D:1)
  A frilled lizard (D:1)
  2 kobolds (D:1)
  3 rats
15 creatures vanquished.

Notes
Turn   | Place    | Note
-------+----------+-------------------------------------------
     0 | D:1      | qw the Spriggan Hunter began the quest for the Orb.
     0 | D:1      | Reached XP level 1. HP: 10/10 MP: 2/2
     0 | D:1      | 0 ||| qw: Version: 0.3-a-155-g5e7d8dd
     0 | D:1      | 0 ||| qw: Game counter: 1576
     0 | D:1      | 0 ||| qw: Melee chars always use a shield: true
     0 | D:1      | 0 ||| qw: God list: Okawaru
     0 | D:1      | 0 ||| qw: Allow faded altars: false
     0 | D:1      | 0 ||| qw: Do Orc after clearing Dungeon:15 true
     0 | D:1      | 0 ||| qw: Do second Lair branch before Depths: true
     0 | D:1      | 0 ||| qw: Lair rune preference: random
     0 | D:1      | 0 ||| qw: Goals: Normal
     0 | D:1      | 0 ||| PLANNING D:1-11
    21 | D:1      | Reached skill level 3 in Dodging
    71 | D:1      | Reached XP level 2. HP: 14/14 MP: 3/3
   585 | D:1      | 585 ||| READING scroll labelled DOTSYEKHEATU.
   586 | D:1      | 586 ||| DROPPING scroll of butterflies.
   611 | D:2      | 611 ||| STAIRDANCE
   619 | D:2      | 619 ||| STAIRDANCE
   619 | D:2      | HP: 1/14 [gnoll/+0 flail (13)]
   619 | D:2      | Mangled by a gnoll

Levels and vault maps discovered:
D:1:      spicycebolla_arrival_clurvy, layout_loops_ring
D:2:      layout_rooms, basic_altar

Skill      XL: |  1 |
---------------+----+-----
Dodging        | 4 |  4.0
Fighting       | |  1.5
Ranged Weapons | |  4.3
Stealth        | |  1.5

Action                     || total
---------------------------++-------
   Fire: Shortbow          ||    30
    Use: Scroll            ||     1
 Armour: Robe              ||     4
  Dodge: Dodged            ||    16

Table legend:
 A = Non-vault XP
 B = Vault XP
 C = Vault XP percentage of total XP
 D = Non-vault monster count
 E = Vault monster count
 F = Vault count percentage of total count
                 A         B        C        D         E       F
            +---------+---------+-------+---------+---------+-------
      Total |      36 |       0 |   0.0 |      15 |       0 |   0.0
            +---------+---------+-------+---------+---------+-------
        D:1 |      35 |       0 |   0.0 |      14 |       0 |   0.0
        D:2 |       1 |       0 |   0.0 |       1 |       0 |   0.0
            +---------+---------+-------+---------+---------+-------
